General information
- name: BNet
- type: Ladder team game (AT/RT)
- host: Battle.net
- saver: TSwift
map: TwilightRuins
- players: 8
- length: 62:20
- speed: Fast
- version: 1.26 W3XP
- replay type: Public
» download(340 KB)
Players
team 1 (winner)

»
Itkwhenpink (
green | 38 APM | 1544 actions | 40:33)
6 Archmage
3 Summon Water Elemental
2 Brilliance Aura
1 Mass Teleport
3 Paladin
2 Holy Light
1 Devotion Aura
» actions
| Basic commands | 7 | |
| Build / train | 146 | |
| Enter build submenu | 33 | |
| Enter hero's abilities submenu | 9 | |
| Give item / drop item | 2 | |
| Remove unit from queue | 3 | |
| Right click | 678 | |
| Select / deselect | 542 | |
| Use ability | 124 | |
1544 total
» units
| Peasant | 30 | |
| Rifleman | 11 | |
| Mortar Team | 18 | |
| Sorceress | 18 | |
| Siege Engine | -1 | |
76 total
» upgrades
| Gunpowder | 3 | |
| Armor | 3 | |
| Long Rifles | 1 | |
| Fragmentation Shards | 1 | |
| Sorceress Training | 2 | |
| Lumber Harvesting | 2 | |
| Flare | 1 | |
13 total
» buildings
| Farm | 14 | |
| Altar of Kings | 1 | |
| Blacksmith | 1 | |
| Barracks | 1 | |
| Arcane Vault | 1 | |
| Town Hall | 1 | |
| Keep | 2 | |
| Lumber Mill | 1 | |
| Workshop | 2 | |
| Castle | 2 | |
| Arcane Sanctum | 2 | |
| Guard Tower | 9 | |
| Scout Tower | 5 | |
42 total
» build order
00:53 Farm
01:00 Altar of Kings
01:18 Farm
01:25 Blacksmith
01:41 Barracks
02:18 Arcane Vault
02:33 Farm
03:36 Farm
04:25 Town Hall
04:33 Farm
05:09 Keep
05:09 Keep
06:46 Lumber Mill
08:13 Workshop
08:50 Castle
08:51 Castle
08:53 Arcane Sanctum
10:29 Farm
10:31 Farm
11:09 Guard Tower
11:09 Guard Tower
11:31 Guard Tower
11:32 Guard Tower
11:39 Farm
11:41 Farm
12:10 Scout Tower
12:12 Scout Tower
12:30 Farm
12:32 Farm
12:58 Guard Tower
13:04 Scout Tower
20:21 Workshop
22:35 Farm
22:43 Arcane Sanctum
24:38 Scout Tower
25:30 Scout Tower
25:32 Guard Tower
37:02 Farm
37:50 Farm
38:36 Guard Tower
» items
| Scroll of Regeneration | 3 | |
| Boots of Speed | 1 | |
| Periapt of Vitality | 3 | |
| Ivory Tower | 3 | |
| Scroll of Town Portal | 5 | |
15 total
TSwift (
red | 62 APM | 3852 actions | 62:20)
9 Archmage
3 Summon Water Elemental
3 Brilliance Aura
1 Mass Teleport
2 Blizzard
» actions
| Assign group hotkey | 93 | |
| Basic commands | 333 | |
| Build / train | 123 | |
| Enter build submenu | 69 | |
| Enter hero's abilities submenu | 9 | |
| Give item / drop item | 13 | |
| Remove unit from queue | 1 | |
| Right click | 1007 | |
| Select / deselect | 589 | |
| Select group hotkey | 1121 | |
| Use ability | 494 | |
3852 total
» units
| Peasant | 12 | |
| Footman | 4 | |
| Goblin Shredder | 2 | |
| Gryphon Rider | 10 | |
| Goblin Sapper | 22 | |
| Dragonhawk Rider | 6 | |
56 total
» upgrades
| Masonry | 3 | |
| Swords | 3 | |
| Armor | 3 | |
| Animal War Training | 1 | |
| Storm Hammers | 1 | |
| Cloud | 1 | |
12 total
» buildings
| Altar of Kings | 1 | |
| Barracks | 1 | |
| Farm | 13 | |
| Arcane Vault | 2 | |
| Keep | 1 | |
| Lumber Mill | 1 | |
| Town Hall | 5 | |
| Castle | 1 | |
| Scout Tower | 50 | |
| Guard Tower | 11 | |
| Gryphon Aviary | 4 | |
| Blacksmith | 2 | |
92 total
» build order
00:35 Altar of Kings
00:36 Barracks
00:49 Farm
00:51 Farm
00:52 Farm
01:04 Farm
01:46 Farm
03:24 Arcane Vault
03:40 Keep
04:42 Lumber Mill
05:20 Town Hall
06:13 Farm
07:02 Castle
07:05 Scout Tower
07:06 Scout Tower
07:08 Scout Tower
07:09 Scout Tower
08:16 Guard Tower
08:43 Gryphon Aviary
08:43 Gryphon Aviary
08:43 Gryphon Aviary
08:44 Gryphon Aviary
08:49 Blacksmith
08:50 Blacksmith
08:57 Farm
12:09 Scout Tower
12:12 Scout Tower
12:12 Scout Tower
12:13 Scout Tower
12:14 Scout Tower
12:14 Scout Tower
12:17 Scout Tower
12:18 Scout Tower
13:14 Guard Tower
13:57 Guard Tower
14:05 Scout Tower
14:08 Scout Tower
14:08 Scout Tower
14:10 Scout Tower
14:12 Scout Tower
14:43 Guard Tower
17:06 Scout Tower
17:06 Scout Tower
17:06 Scout Tower
17:07 Scout Tower
17:07 Scout Tower
17:08 Scout Tower
18:34 Guard Tower
18:46 Scout Tower
18:47 Scout Tower
18:47 Scout Tower
18:48 Scout Tower
19:03 Farm
19:03 Farm
19:05 Farm
19:07 Farm
19:22 Farm
20:01 Arcane Vault
20:03 Guard Tower
21:45 Scout Tower
21:45 Scout Tower
21:45 Scout Tower
21:46 Scout Tower
21:46 Scout Tower
21:46 Scout Tower
21:49 Scout Tower
21:49 Scout Tower
21:50 Scout Tower
21:50 Scout Tower
21:51 Scout Tower
21:51 Scout Tower
22:33 Guard Tower
24:10 Guard Tower
27:28 Town Hall
32:51 Scout Tower
32:51 Scout Tower
32:52 Scout Tower
32:53 Scout Tower
32:55 Scout Tower
32:55 Scout Tower
32:57 Scout Tower
32:57 Scout Tower
32:57 Scout Tower
32:58 Scout Tower
33:29 Guard Tower
33:51 Town Hall
35:25 Guard Tower
46:32 Town Hall
49:15 Guard Tower
60:58 Town Hall
» items
| Scroll of Regeneration | 11 | |
| Mechanical Critter | 11 | |
| Scroll of Town Portal | 5 | |
| Scroll of Speed | 1 | |
| Staff of Sanctuary | 1 | |
| Staff of Teleportation | 1 | |
| Periapt of Vitality | 1 | |
31 total
toriblack (
yellow | 65 APM | 3957 actions | 60:41)
10 Blademaster
3 Wind Walk
3 Critical Strike
1 Bladestorm
3 Mirror Image
1 Paladin
1 Devotion Aura
» actions
| Assign group hotkey | 101 | |
| Basic commands | 393 | |
| Build / train | 193 | |
| ESC pressed | 18 | |
| Enter build submenu | 17 | |
| Enter hero's abilities submenu | 11 | |
| Give item / drop item | 1 | |
| Right click | 956 | |
| Select / deselect | 314 | |
| Select group hotkey | 1476 | |
| Use ability | 477 | |
3957 total
» units
| Peon | 26 | |
| Wind Rider | 24 | |
| Goblin Sapper | 10 | |
| Troll Batrider | 54 | |
| Flying Machine | 8 | |
122 total
» upgrades
» buildings
| Altar of Storms | 1 | |
| Orc Burrow | 6 | |
| Stronghold | 4 | |
| Voodoo Lounge | 1 | |
| War Mill | 1 | |
| Watch Tower | 1 | |
| Beastiary | 3 | |
| Fortress | 5 | |
| Great Hall | 1 | |
23 total
» build order
00:12 Altar of Storms
00:19 Orc Burrow
01:55 Stronghold
01:55 Stronghold
01:55 Stronghold
01:56 Stronghold
02:04 Voodoo Lounge
02:08 War Mill
02:28 Orc Burrow
03:34 Watch Tower
03:39 Orc Burrow
03:40 Orc Burrow
04:22 Beastiary
05:02 Beastiary
08:23 Orc Burrow
11:29 Fortress
11:29 Fortress
11:29 Fortress
11:30 Fortress
12:57 Orc Burrow
18:42 Beastiary
32:10 Great Hall
» items
| Lesser Clarity Potion | 4 | |
| Healing Salve | 7 | |
| Boots of Speed | 1 | |
| Scroll of Town Portal | 2 | |
| Scroll of Regeneration | 5 | |
| Staff of Sanctuary | 1 | |
| Tiny Great Hall | 4 | |
| Orb of Lightning | 4 | |
| Potion of Mana | 2 | |
| Orb of Fire | 1 | |
31 total

»
O.A.T. (
purple | 29 APM | 1377 actions | 48:08)
7 Archmage
3 Summon Water Elemental
3 Blizzard
1 Mass Teleport
» actions
| Basic commands | 17 | |
| Build / train | 113 | |
| Enter build submenu | 22 | |
| Enter hero's abilities submenu | 7 | |
| Give item / drop item | 3 | |
| Right click | 673 | |
| Select / deselect | 456 | |
| Use ability | 86 | |
1377 total
» units
| Peasant | 22 | |
| Footman | 16 | |
| Goblin Shredder | 1 | |
| Mortar Team | 4 | |
| Siege Engine | 27 | |
| Knight | 3 | |
73 total
» upgrades
| Masonry | 3 | |
| Plating | 3 | |
| Gunpowder | 3 | |
| Lumber Harvesting | 2 | |
| Magic Sentry | 1 | |
| Swords | 1 | |
| Defend | 1 | |
| Barrage | 1 | |
| Animal War Training | 1 | |
16 total
» buildings
| Altar of Kings | 1 | |
| Farm | 14 | |
| Lumber Mill | 1 | |
| Barracks | 1 | |
| Scout Tower | 18 | |
| Guard Tower | 11 | |
| Blacksmith | 1 | |
| Keep | 1 | |
| Arcane Vault | 1 | |
| Town Hall | 1 | |
| Arcane Sanctum | 1 | |
| Workshop | 2 | |
| Cannon Tower | 1 | |
| Castle | 1 | |
55 total
» build order
00:08 Altar of Kings
00:18 Farm
00:21 Farm
00:23 Farm
00:24 Farm
00:28 Farm
01:11 Lumber Mill
01:22 Barracks
01:51 Farm
01:55 Farm
02:27 Scout Tower
02:28 Scout Tower
02:31 Scout Tower
02:58 Guard Tower
03:29 Guard Tower
03:58 Guard Tower
05:30 Blacksmith
05:52 Keep
06:10 Farm
06:11 Farm
06:12 Farm
06:14 Farm
06:15 Farm
06:47 Arcane Vault
07:17 Scout Tower
07:54 Town Hall
07:59 Scout Tower
08:00 Scout Tower
08:03 Scout Tower
08:11 Scout Tower
08:13 Scout Tower
08:15 Scout Tower
08:19 Guard Tower
08:25 Scout Tower
08:29 Scout Tower
08:41 Scout Tower
08:42 Scout Tower
08:44 Scout Tower
08:46 Scout Tower
08:53 Scout Tower
08:55 Scout Tower
09:05 Arcane Sanctum
09:13 Workshop
09:14 Workshop
09:27 Guard Tower
09:28 Guard Tower
09:56 Guard Tower
10:35 Guard Tower
10:37 Guard Tower
11:05 Guard Tower
12:02 Guard Tower
12:04 Cannon Tower
13:37 Castle
13:41 Farm
22:03 Farm
» items
| Scroll of Regeneration | 1 | |
| Potion of Healing | 1 | |
2 total
team 2 (loser)
FATNlGGERUSA (
teal | 89 APM | 5542 actions | 62:19)
9 Blood Mage
3 Flame Strike
3 Banish
1 Summon Phoenix
2 Siphon Mana
» actions
| Assign group hotkey | 59 | |
| Basic commands | 453 | |
| Build / train | 181 | |
| ESC pressed | 9 | |
| Enter build submenu | 100 | |
| Enter hero's abilities submenu | 9 | |
| Give item / drop item | 8 | |
| Right click | 1918 | |
| Select / deselect | 525 | |
| Select group hotkey | 1904 | |
| Use ability | 376 | |
5542 total
» units
| Peasant | 15 | |
| Footman | 10 | |
| Goblin Shredder | 1 | |
| Sorceress | 1 | |
| Gryphon Rider | 10 | |
| Dragonhawk Rider | 6 | |
43 total
» upgrades
| Masonry | 3 | |
| Sorceress Training | 2 | |
| Swords | 3 | |
| Armor | 3 | |
| Animal War Training | 1 | |
| Storm Hammers | 1 | |
| Cloud | 1 | |
| Gunpowder | 1 | |
15 total
» buildings
| Farm | 17 | |
| Barracks | 1 | |
| Altar of Kings | 1 | |
| Lumber Mill | 1 | |
| Arcane Vault | 1 | |
| Town Hall | 2 | |
| Scout Tower | 64 | |
| Arcane Tower | 7 | |
| Keep | 1 | |
| Guard Tower | 48 | |
| Castle | 3 | |
| Arcane Sanctum | 1 | |
| Blacksmith | 1 | |
| Gryphon Aviary | 6 | |
| Workshop | 2 | |
156 total
» build order
01:03 Farm
01:06 Barracks
01:09 Altar of Kings
01:12 Farm
01:21 Farm
01:52 Farm
02:29 Farm
02:48 Lumber Mill
02:59 Arcane Vault
04:23 Town Hall
04:34 Scout Tower
05:04 Arcane Tower
05:04 Arcane Tower
05:43 Keep
06:04 Scout Tower
06:05 Scout Tower
06:06 Scout Tower
06:06 Scout Tower
06:13 Scout Tower
06:43 Arcane Tower
06:44 Guard Tower
06:44 Guard Tower
07:36 Farm
07:39 Guard Tower
08:22 Castle
08:22 Castle
08:22 Castle
08:27 Scout Tower
08:27 Scout Tower
08:28 Scout Tower
08:30 Scout Tower
08:31 Scout Tower
08:32 Scout Tower
08:33 Scout Tower
08:38 Arcane Sanctum
09:05 Guard Tower
09:05 Guard Tower
09:09 Scout Tower
09:09 Scout Tower
09:42 Guard Tower
09:44 Guard Tower
09:44 Guard Tower
09:46 Scout Tower
09:47 Scout Tower
10:09 Guard Tower
10:09 Guard Tower
10:09 Guard Tower
10:17 Blacksmith
10:23 Gryphon Aviary
10:24 Gryphon Aviary
10:29 Guard Tower
11:43 Scout Tower
11:44 Scout Tower
11:45 Scout Tower
11:46 Scout Tower
12:21 Guard Tower
12:22 Guard Tower
13:00 Guard Tower
14:34 Scout Tower
14:34 Scout Tower
14:35 Scout Tower
14:36 Scout Tower
15:14 Guard Tower
15:14 Guard Tower
15:15 Scout Tower
19:48 Guard Tower
20:13 Scout Tower
24:21 Scout Tower
24:22 Scout Tower
24:23 Scout Tower
24:34 Guard Tower
24:35 Guard Tower
24:35 Guard Tower
24:37 Scout Tower
24:38 Scout Tower
25:49 Farm
25:49 Farm
25:50 Farm
25:50 Farm
25:51 Guard Tower
25:51 Guard Tower
25:53 Farm
25:53 Farm
25:55 Farm
25:56 Farm
26:04 Scout Tower
26:06 Scout Tower
26:08 Farm
26:08 Farm
26:12 Farm
26:45 Guard Tower
28:08 Gryphon Aviary
28:09 Gryphon Aviary
28:14 Gryphon Aviary
28:17 Gryphon Aviary
30:21 Scout Tower
30:58 Scout Tower
30:59 Scout Tower
30:59 Scout Tower
31:00 Scout Tower
31:01 Scout Tower
31:02 Scout Tower
31:03 Scout Tower
31:04 Scout Tower
31:04 Scout Tower
31:05 Scout Tower
31:06 Scout Tower
31:57 Guard Tower
31:58 Guard Tower
32:04 Guard Tower
35:52 Arcane Tower
36:17 Town Hall
36:19 Scout Tower
36:21 Scout Tower
36:22 Scout Tower
36:24 Scout Tower
36:29 Scout Tower
36:30 Scout Tower
36:30 Scout Tower
36:33 Scout Tower
36:52 Arcane Tower
36:53 Arcane Tower
36:53 Guard Tower
36:54 Guard Tower
36:54 Guard Tower
37:21 Guard Tower
40:04 Workshop
40:05 Workshop
41:50 Scout Tower
41:51 Scout Tower
41:51 Scout Tower
41:53 Scout Tower
41:57 Scout Tower
41:59 Scout Tower
42:00 Scout Tower
42:32 Guard Tower
42:46 Guard Tower
43:28 Guard Tower
43:52 Scout Tower
43:53 Scout Tower
43:54 Scout Tower
46:11 Guard Tower
46:11 Guard Tower
46:12 Guard Tower
50:27 Guard Tower
» items
| Boots of Speed | 1 | |
| Staff of Teleportation | 1 | |
| Scroll of Regeneration | 13 | |
| Mechanical Critter | 2 | |
| Potion of Invisibility | 3 | |
| Lesser Clarity Potion | 2 | |
| Scroll of Town Portal | 6 | |
| Ring of Regeneration | 1 | |
| Sentry Wards | 1 | |
| Potion of Invulnerability | 1 | |
| Claws of Attack +9 | 1 | |
| Gloves of Haste | 1 | |
| Potion of Mana | 2 | |
| Potion of Healing | 2 | |
| Mana Stone | 2 | |
| Scroll of Protection | 1 | |
40 total
It-Was-My-Fault (
pink | 46 APM | 1216 actions | 26:11)
6 Demon Hunter
3 Mana Burn
2 Evasion
1 Metamorphosis
» actions
| Assign group hotkey | 23 | |
| Basic commands | 7 | |
| Build / train | 80 | |
| Enter build submenu | 31 | |
| Enter hero's abilities submenu | 6 | |
| Remove unit from queue | 5 | |
| Right click | 506 | |
| Select / deselect | 224 | |
| Select group hotkey | 267 | |
| Use ability | 67 | |
1216 total
» units
| Wisp | 26 | |
| Archer | 7 | |
| Dryad | 18 | |
| Hippogryph | 9 | |
60 total
» upgrades
| Strength of the Wild | 2 | |
| Reinforced Hides | 2 | |
| Abolish Magic | 1 | |
| Druid of the Claw Training | 0 | |
5 total
» buildings
| Altar of Elders | 1 | |
| Moon Well | 11 | |
| Ancient of War | 1 | |
| Hunter's Hall | 1 | |
| Tree of Ages | 1 | |
| Ancient Protector | 7 | |
| Tree of Life | 3 | |
| Tree of Eternity | 1 | |
| Ancient of Lore | 2 | |
| Ancient of Wind | 1 | |
| Ancient of Wonders | 1 | |
30 total
» build order
00:08 Altar of Elders
00:15 Moon Well
01:07 Ancient of War
01:54 Moon Well
02:29 Moon Well
02:57 Hunter's Hall
04:51 Tree of Ages
04:55 Ancient Protector
05:01 Tree of Life
05:24 Ancient Protector
06:14 Tree of Life
07:21 Ancient Protector
08:42 Tree of Eternity
08:46 Moon Well
09:01 Ancient Protector
09:10 Ancient Protector
10:13 Ancient of Lore
10:21 Ancient of Lore
12:06 Moon Well
12:12 Moon Well
14:11 Moon Well
14:16 Moon Well
16:52 Ancient Protector
17:06 Ancient Protector
19:17 Ancient of Wind
19:25 Moon Well
19:27 Moon Well
19:30 Moon Well
20:21 Tree of Life
22:50 Ancient of Wonders
» items
| Claws of Attack +6 | 1 | |
| Orb of Corruption | 1 | |
| Scroll of Town Portal | 1 | |
3 total

»
dontbackdown (
blue | 27 APM | 1662 actions | 62:19)
5 Death Knight
3 Death Coil
2 Unholy Aura
4 Lich
2 Frost Nova
2 Dark Ritual
» actions
| Basic commands | 32 | |
| Build / train | 77 | |
| Enter build submenu | 25 | |
| Enter hero's abilities submenu | 9 | |
| Give item / drop item | 4 | |
| Right click | 1017 | |
| Select / deselect | 399 | |
| Use ability | 99 | |
1662 total
» units
| Acolyte | 17 | |
| Ghoul | 9 | |
| Crypt Fiend | 5 | |
| Frost Wyrm | 5 | |
| Gargoyle | 5 | |
41 total
» upgrades
| Creature Attack | 2 | |
| Web | 1 | |
| Creature Carapace | 2 | |
5 total
» buildings
| Crypt | 2 | |
| Altar of Darkness | 1 | |
| Ziggurat | 11 | |
| Tomb of Relics | 1 | |
| Graveyard | 1 | |
| Nerubian Tower | 2 | |
| Halls of the Dead | 1 | |
| Spirit Tower | 3 | |
| Black Citadel | 1 | |
| Sacrificial Pit | 1 | |
| Boneyard | 3 | |
27 total
» build order
00:37 Crypt
00:39 Altar of Darkness
00:42 Ziggurat
01:03 Ziggurat
01:17 Tomb of Relics
01:35 Graveyard
02:45 Nerubian Tower
03:56 Ziggurat
05:05 Halls of the Dead
06:45 Spirit Tower
07:17 Ziggurat
07:19 Ziggurat
08:31 Black Citadel
08:35 Spirit Tower
08:36 Nerubian Tower
09:18 Sacrificial Pit
11:18 Boneyard
11:20 Boneyard
11:23 Boneyard
11:28 Ziggurat
11:30 Ziggurat
12:42 Ziggurat
13:20 Ziggurat
13:22 Ziggurat
16:28 Spirit Tower
22:43 Ziggurat
22:49 Crypt
» items
| Dust of Appearance | 3 | |
| Rod of Necromancy | 1 | |
| Sacrificial Skull | 1 | |
| Potion of Mana | 1 | |
| Scroll of Town Portal | 5 | |
| Scroll of Protection | 1 | |
| Potion of Lesser Invulnerability | 1 | |
13 total
zippyy (
orange | 33 APM | 839 actions | 25:25)
5 Naga Sea Witch
3 Frost Arrows
2 Forked Lightning
» actions
| Assign group hotkey | 28 | |
| Build / train | 99 | |
| ESC pressed | 2 | |
| Enter build submenu | 26 | |
| Enter hero's abilities submenu | 6 | |
| Give item / drop item | 1 | |
| Remove unit from queue | 1 | |
| Right click | 309 | |
| Select / deselect | 199 | |
| Select group hotkey | 130 | |
| Use ability | 38 | |
839 total
» units
| Wisp | 29 | |
| Archer | 14 | |
| Hippogryph | 19 | |
| Chimaera | 8 | |
70 total
» upgrades
| Improved Bows | 1 | |
| Hippogryph Taming | 1 | |
| Strength of the Wild | 3 | |
| Reinforced Hides | 3 | |
| Corrosive Breath | 1 | |
9 total
» buildings
| Ancient of War | 1 | |
| Moon Well | 8 | |
| Altar of Elders | 1 | |
| Tree of Ages | 1 | |
| Ancient of Wonders | 1 | |
| Hunter's Hall | 1 | |
| Tree of Life | 1 | |
| Ancient Protector | 5 | |
| Ancient of Wind | 3 | |
| Tree of Eternity | 1 | |
| Chimaera Roost | 2 | |
25 total
» build order
00:16 Ancient of War
00:25 Moon Well
00:47 Altar of Elders
01:46 Moon Well
03:40 Moon Well
03:42 Tree of Ages
04:05 Ancient of Wonders
04:40 Hunter's Hall
05:48 Tree of Life
05:56 Ancient Protector
06:53 Ancient of Wind
08:24 Tree of Eternity
10:23 Ancient of Wind
10:35 Ancient of Wind
10:56 Ancient Protector
10:59 Ancient Protector
11:06 Ancient Protector
11:14 Ancient Protector
11:41 Moon Well
11:43 Moon Well
12:15 Chimaera Roost
12:34 Chimaera Roost
12:45 Moon Well
13:42 Moon Well
17:21 Moon Well
» items
| Lesser Clarity Potion | 3 | |
| Orb of Venom | 1 | |
| Scroll of Town Portal | 7 | |
11 total
Chat log
(04:54 / All) dontbackdown: really
(06:51 / Allies) TSwift: wtf
(09:59 / Allies) Itkwhenpink: come yellow
(10:01 / Allies) Itkwhenpink: i heal bm
(12:44 / Allies) TSwift: oh I thought you were enemy purple
(14:22 / Allies) TSwift: lumber?
(14:48 / Allies) TSwift: hELP
(15:01 / Allies) Itkwhenpink: give gold
(15:04 / Allies) O.A.T.: stay near towers
(15:12 / Allies) O.A.T.: stay near towers
(15:15 / Allies) O.A.T.: back up
(15:22 / Allies) O.A.T.: they will chase
(16:08 / Allies) Itkwhenpink: hig
(16:11 / Allies) Itkwhenpink: hit
(16:11 / All) TSwift: I didn't even get level 6 for htat
(16:16 / All) FATNlGGERUSA: such bs that invisibility doesn't get you untargeted
(18:13 / Allies) O.A.T.: need sp,e help
(18:25 / Allies) TSwift: out
(18:26 / Allies) TSwift: out
(18:27 / Allies) TSwift: out
(18:27 / Allies) TSwift: out
(18:28 / Allies) TSwift: out
(18:36 / All) TSwift: mass hippo queer
(18:46 / All) It-Was-My-Fault: mass air gar
(18:47 / All) zippyy: sry
(18:52 / Allies) toriblack: gold for bats plz
(18:58 / Allies) TSwift: lumbers
(19:04 / All) FATNlGGERUSA: none of these market shops have anything good
(20:34 / Allies) O.A.T.: ready to hit teal expo niow?
(20:37 / Allies) TSwift: I'm getting 12 dhawks
(20:39 / Allies) TSwift: we need more aa
(20:44 / Allies) O.A.T.: i got tanks
(20:46 / Allies) TSwift: pull bats back
(20:53 / Allies) TSwift: keep them in your base for now
(21:03 / Allies) O.A.T.: im hitting teal expo
(21:40 / Allies) TSwift: back guys
(21:40 / Allies) TSwift: back
(21:53 / Allies) Itkwhenpink: fuck
(22:21 / Allies) Itkwhenpink: red spend 4k
(22:37 / Allies) O.A.T.: we need to hit somewhere
(22:44 / Allies) O.A.T.: teal expo?
(25:36 / All) It-Was-My-Fault: teal worst player
(25:38 / All) It-Was-My-Fault: he ruins games
(25:40 / All) It-Was-My-Fault: tk him
(25:41 / All) FATNlGGERUSA: I do more than you
(25:42 / All) FATNlGGERUSA: all game
(25:43 / All) FATNlGGERUSA: with just a hero
(25:44 / All) FATNlGGERUSA: LMAO
(26:06 / All) It-Was-My-Fault: teal has more than 10 k and hasnt built anything
(27:10 / All) FATNlGGERUSA: Blue tk
(27:11 / Allies) Itkwhenpink: wtf
(27:31 / Allies) Itkwhenpink: afk
(27:49 / All) FATNlGGERUSA: Blue can't even tk right
(27:53 / All) FATNlGGERUSA: attacks my hero then gives up
(28:49 / Allies) O.A.T.: thewy got alot of frost
(28:55 / Allies) O.A.T.: 15 of them blue
(28:56 / All) dontbackdown: lol
(28:59 / All) dontbackdown: stfu teal
(29:05 / All) dontbackdown: everyone knows you're awful
(29:08 / All) FATNlGGERUSA: You're the worst player in this match probably
(29:50 / All) dontbackdown: Lol
(29:59 / All) FATNlGGERUSA: Yeah try to tk the player helping your base dumbass
(30:06 / All) FATNlGGERUSA: actually I wanted to demolish your base but retard purp got in the way
(31:18 / All) FATNlGGERUSA: Blue can't tk if he wants to
(33:59 / All) FATNlGGERUSA: fugg
(34:03 / All) FATNlGGERUSA: I tped but ladder latency sucks
(34:11 / Allies) toriblack: lets hit
(34:12 / All) dontbackdown: god
(34:16 / All) dontbackdown: listen to this guy
(34:22 / All) FATNlGGERUSA: hahaha what
(34:28 / All) FATNlGGERUSA: you're just a tool I don't need you
(34:32 / All) FATNlGGERUSA: get out and I'll win by myself for all I care
(35:44 / Allies) O.A.T.: whats in blue base?
(35:58 / Allies) TSwift: attack it
(36:02 / Allies) TSwift: and I tp there
(36:05 / Allies) O.A.T.: whats there?
(36:10 / Allies) O.A.T.: i tp in
(36:39 / Allies) TSwift: tp on my critter
(36:47 / Allies) TSwift: purple
(38:17 / Allies) toriblack: gold for hero plz
(38:24 / Allies) toriblack: 500
(38:57 / Allies) Itkwhenpink: omfg red
(40:04 / Allies) Itkwhenpink: faggot
(40:10 / Allies) Itkwhenpink: anyway
(40:11 / Allies) Itkwhenpink: afk
(40:17 / Allies) toriblack: gold for hero plz
(40:33 / Allies) TSwift: I'm not running a charity here, toots
(40:51 / Allies) O.A.T.: red give yellow gold for hero
(41:30 / All) dontbackdown: LOL red
(42:26 / All) dontbackdown: god red
(42:28 / All) dontbackdown: mh more
(42:33 / All) FATNlGGERUSA: LOL
(42:34 / All) FATNlGGERUSA: blue is so bad
(42:35 / Allies) toriblack: noooooooooooooooooooooooooooooooo
(42:37 / Allies) toriblack: wtf
(42:39 / All) FATNlGGERUSA: he blames being raped hard by every player
(42:41 / All) FATNlGGERUSA: in the whole match
(42:44 / All) FATNlGGERUSA: on mh
(45:41 / Allies) toriblack: wtf
(46:03 / All) TSwift: My team sure is oblivious
(46:28 / All) dontbackdown: how many of there expos have u taken out
(46:38 / All) TSwift: at least 5
(46:51 / All) dontbackdown: purp should have gone copter years ago
(46:52 / All) FATNlGGERUSA: blue uninstall and never play again
(47:03 / All) FATNlGGERUSA: copters don't help vs allied units btw
(47:06 / All) TSwift: Tanks were good
(47:10 / All) FATNlGGERUSA: flak doesn't work on allies dumbass, wouldn't help against red
(47:14 / All) dontbackdown: copters rule vs allied air
(47:22 / All) FATNlGGERUSA: hahahaha sure they do retard
(47:27 / All) dontbackdown: they have to individually target
(47:31 / All) dontbackdown: every copter
(47:36 / All) FATNlGGERUSA: big fucking deal
(47:40 / All) dontbackdown: you are awful
(47:41 / All) FATNlGGERUSA: is it hard
(47:43 / All) FATNlGGERUSA: for you to shift click
(47:44 / All) FATNlGGERUSA: copters?
(47:50 / All) FATNlGGERUSA: is that over your head?
(48:00 / All) FATNlGGERUSA: is shift queueing copters to die out of your league blue?
(48:06 / All) dontbackdown: mass copter will take down any allied air
(48:08 / All) dontbackdown: any
(48:12 / All) FATNlGGERUSA: no.
(48:15 / All) dontbackdown: yes
(48:23 / All) FATNlGGERUSA: I have tked hundreds of times
(48:28 / All) FATNlGGERUSA: many times against people who mass copters
(48:34 / All) FATNlGGERUSA: the amount of times I've been killed by an ally with copters?
(48:35 / All) FATNlGGERUSA: 0
(48:36 / All) FATNlGGERUSA: gyros
(48:37 / All) FATNlGGERUSA: do jack
(48:38 / All) FATNlGGERUSA: fucking
(48:39 / All) FATNlGGERUSA: shit
(48:40 / All) FATNlGGERUSA: against allies
(48:47 / All) dontbackdown: Lol
(48:49 / All) FATNlGGERUSA: maybe they can kill players who mass air
(48:51 / Allies) toriblack: I WANT TO SEE HOW THIS NIGER LOSSE
(48:52 / All) FATNlGGERUSA: when they are as bad as you
(48:53 / All) TSwift: You have to have low resources for them to be troublesome
(49:27 / All) FATNlGGERUSA: Blue, yellow
(49:32 / All) FATNlGGERUSA: Will you leave your computers on all night for a win?
(49:45 / All) dontbackdown: lol
(49:51 / All) dontbackdown: like i care about a fucking win
(49:59 / All) FATNlGGERUSA: yeah you're 1-4
(50:06 / All) FATNlGGERUSA: I'd think a win would be appreciated by you
(50:07 / All) TSwift: Let's just give yellow win since blue has a mouth on him?|
(50:08 / All) dontbackdown: oh i'm far worse then that
(50:10 / All) FATNlGGERUSA: you don't have many after all
(50:16 / All) FATNlGGERUSA: yeah
(50:19 / All) FATNlGGERUSA: Blue has to lose
(50:31 / Allies) toriblack: YES IM GLAD TO SEE HOW THIS MORON LOSSE
(50:42 / Allies) TSwift: Who are you talking to
(50:55 / Allies) toriblack: TO YOU NICARAGUAN MORON
(51:06 / All) TSwift: Yellow called me a nicaraguan moron
(51:16 / All) TSwift: and said was happy to see "this moron losse [sic]"
(51:18 / All) TSwift: loll
(51:31 / All) TSwift: What spic country do you hail from, yellow?
(51:42 / All) FATNlGGERUSA: Yellow just had his lucky day
(51:46 / All) FATNlGGERUSA: he can be 2-4 because blue is so bad
(51:48 / Allies) toriblack: IM FORM ASS LAND
(51:57 / All) dontbackdown: god so many people to add to my bs list
(52:04 / All) TSwift: Talk in all yellow
(52:07 / All) FATNlGGERUSA: as you demonstrated this game blue, you can't tk if you want to
(52:07 / Allies) toriblack: WHERE YOUR FAMILY COME U KNOW
(52:10 / All) TSwift: You fucking dumb wetback
(52:31 / All) TSwift: I am a proud anglo-saxon protestant or german, dutch and ulster scot extraction
(52:52 / Allies) toriblack: YOU ARE FROM KENIA
(53:03 / Allies) TSwift: That's quite an insult
(53:10 / Allies) toriblack: AND YOUR FATHER WORK IN A TAXI
(53:11 / Allies) TSwift: I'd bury my face in your stomach for that,
(53:17 / Allies) TSwift: fist*
(53:24 / Allies) toriblack: AND YOUR MOTHER WORK AT NIGHT
(53:25 / All) TSwift: I AM GOING TO TAKE MY FIST
(53:29 / All) TSwift: AND RAM IT INTO YOUR STOMACH
(53:34 / All) TSwift: SHUT UP!
(53:39 / All) TSwift: I am detective John Kimble!
(53:43 / Allies) toriblack: BLOWING TONS OF CUM
(53:49 / All) TSwift: Hasta la vista, baby
(53:52 / All) TSwift: I BE BACK
(53:57 / Allies) toriblack: GOOD FOR U
(54:07 / All) TSwift: Yellow has like 80 IQ
(54:13 / All) FATNlGGERUSA: I can really imagine what it's like to work special ed, playing WC3
(54:15 / All) TSwift: Didn't notice me sapper fucking 3 of his expos
(54:19 / All) FATNlGGERUSA: I have to wrangle so many tards in this game
(54:21 / All) TSwift: and kill his blademaster
(54:22 / All) dontbackdown: 80 is only mildly retarded
(54:24 / Allies) toriblack: AND YOU HAS 15 IQ
(54:25 / All) TSwift: Was asking gold for his BM
(54:37 / All) TSwift: They are mildly retarded
(54:39 / Allies) toriblack: WHO KILL TEAMMATES
(54:43 / Allies) toriblack: ?????
(54:44 / All) TSwift: They are somewhat functional
(54:46 / Allies) toriblack: who
(54:49 / Allies) TSwift: I did
(54:53 / Allies) TSwift: Ya dumb wetback idjut
(54:58 / Allies) toriblack: ONLY A PEACE OF TRASH
(55:09 / Allies) TSwift: You seem educated
(55:13 / Allies) toriblack: i will report you
(55:20 / All) TSwift: Yellow will report me
(55:24 / All) FATNlGGERUSA: oh no
(55:26 / All) TSwift: I am scared for my bnet account
(55:26 / All) dontbackdown: lol
(55:27 / All) FATNlGGERUSA: what ever shall we do
(55:41 / All) FATNlGGERUSA: Blue you are being given a loss by a legendary 4v4 player
(55:43 / All) TSwift: Yellow please don't report me, have mercy
(55:44 / All) FATNlGGERUSA: you should feel honoured
(55:52 / All) dontbackdown: Lol
(55:55 / All) FATNlGGERUSA: this is a day for u to remember forever and always
(55:56 / All) dontbackdown: remember the name teal
(56:04 / All) TSwift: The name of a bad movie
(56:05 / All) FATNlGGERUSA: I will remember your name and always rape you
(56:12 / All) dontbackdown: constant peon rushs coming
(56:20 / Allies) toriblack: good because ill do the same
(56:30 / All) TSwift: Yellow speak in all
(56:35 / All) TSwift: You incompetent wetback
(56:58 / All) TSwift: Yellow do you know how to speak in all?
(57:02 / All) TSwift: Do you need a tutorial?
(57:10 / Allies) toriblack: nice camping negro
(57:30 / Allies) toriblack: ill kick ur ass when you want
(57:34 / All) TSwift: He is named after a porn star
(57:42 / All) TSwift: Porn is rotting his brain
(57:58 / All) FATNlGGERUSA: lawl
(58:18 / All) TSwift: He can hardly concentrate inbetween his daily 5 faps
(58:33 / All) dontbackdown: 5 seems a bit low
(58:48 / All) FATNlGGERUSA: you masturbate more than that?
(58:51 / All) TSwift: Low for a wanker champion like yourself
(58:53 / All) FATNlGGERUSA: who's your favourite porn star blue?
(59:06 / All) dontbackdown: hard question
(59:24 / All) FATNlGGERUSA: you can name all of your favs
(59:27 / All) FATNlGGERUSA: if you can't pick one
(59:32 / All) FATNlGGERUSA: speak in all chat
(59:39 / All) FATNlGGERUSA: "i'm a lexi belle fan" his allied chat message
(60:12 / All) FATNlGGERUSA: what other porn stars do you like blue?
(60:15 / All) FATNlGGERUSA: what kind of porn do you watch?
(60:27 / All) TSwift: Jessie Rogers before she got the tit job
(60:45 / All) TSwift: Lol
(60:52 / All) FATNlGGERUSA: nice
(61:03 / All) FATNlGGERUSA: now we don't have to give him a win, only blue the loss
(61:06 / All) TSwift: He rushed off to jack off to some Jessie Rogers
(61:11 / All) TSwift: Was a good rec from me
(61:13 / All) FATNlGGERUSA: Blue are you there?
(61:26 / All) FATNlGGERUSA: blue?
(61:33 / All) FATNlGGERUSA: did you alt tab to masturbate to lexi belle?
(61:48 / All) FATNlGGERUSA: blue are you there?
(61:58 / All) FATNlGGERUSA: Anything to say for yourself before I end it?
(62:15 / All) FATNlGGERUSA: guess not, you lose wanker